 Dungeon Crawl Stone Soup version 0.23.2-1-ga50397a (webtiles) character file.

Game seed: 6890280113812504024

6407 wyoknott the Protected (level 10, -4/93 HPs)
             Began as a Minotaur Fighter on Apr 30, 2019.
             Was an Elder of the Shining One.
             Slain by a large slime creature (22 damage)
             ... on level 10 of the Dungeon.
             The game lasted 00:15:43 (7690 turns).

wyoknott the Protected (Minotaur Fighter)           Turns: 7690, Time: 00:15:44

Health: -4/93      AC: 16    Str: 24    XL:     10   Next: 66%
Magic:  12/12      EV:  7    Int:  5    God:    the Shining One [****..]
Gold:   597        SH:  0    Dex: 10    Spells: 9/9 levels left

rFire    + . .     SeeInvis .   E - +2 great sword of Defiance {holy, rF+}
rCold    . . .     Gourm    .   (shield currently unavailable)
rNeg     + + .     Faith    .   r - +1 plate armour
rPois    .         Spirit   .   u - +0 hat
rElec    .         Reflect  .   (no cloak)
rCorr    .         Harm     .   D - +0 pair of gloves
MR       .....     Rnd*Tele +   (no boots)
Stlth    ..........             (no amulet)
HPRegen  0.25/turn              F - ring of attention (curse)
MPRegen  0.13/turn              A - ring of teleportation (curse)

@: glowing
A: retaliatory headbutt, horns 2
a: Divine Shield, Cleansing Flame, Renounce Religion


You were on level 10 of the Dungeon.
You worshipped the Shining One.
The Shining One was greatly pleased with you.
You were not hungry.

You visited 1 branch of the dungeon, and saw 10 of its levels.

You collected 597 gold pieces.

Inventory:

Hand Weapons
 a - a +0 trident
 z - a +5 dire flail of crushing
 E - the +2 great sword of Defiance (weapon) {holy, rF+}
   (You found it on level 6 of the Dungeon)

   It has been blessed by the Shining One to cause great damage to the undead
   and demons.
   It protects you from fire.
Armour
 b - a +0 scale mail
 c - a +0 shield
 r - a +1 plate armour (worn)
 u - a +0 hat (worn)
 D - a +0 pair of gloves (worn)
Jewellery
 n - an uncursed ring of protection from cold
 A - a cursed ring of teleportation (right hand)
 F - a cursed ring of attention (left hand)
 G - an uncursed ring of positive energy
 L - a +3 ring of protection {unknown}
 N - a +2 ring of protection {unknown}
Wands
 v - a wand of polymorph (31)
 C - a wand of scattershot (6)
 I - a wand of acid (8)
 J - a wand of flame (25)
Scrolls
 e - 4 scrolls of enchant weapon
 g - 4 scrolls of noise
 h - 2 scrolls of fog
 j - a scroll of fear
 p - 11 scrolls of identify
 x - 8 scrolls of teleportation
 y - a scroll of amnesia
 O - 3 scrolls of magic mapping
Potions
 d - 4 potions of might
 i - a potion of haste {unknown}
 k - 2 potions of brilliance
 l - 5 potions of curing
 o - 2 potions of ambrosia
 q - 2 potions of flight {unknown}
 s - 3 potions of heal wounds {unknown}
 w - 4 potions of degeneration {unknown}
 B - a potion of resistance {unknown}
 H - a potion of lignification {unknown}
 K - 2 potions of magic {unknown}
 P - a potion of mutation {unknown}
Comestibles
 f - 21 rations


   Skills:
 + Level 10.0 Fighting
 + Level 9.5 Polearms
 + Level 10.0 Armour
 + Level 9.9 Shields
 * Level 4.8 Invocations


You had 9 spell levels left.
You didn't know any spells.
Your spell library contained the following spells:

 Spells                   Type           Power        Failure   Level  Hunger
 Beastly Appendage        Tmut           #.....       99%         1    ##.....
 Corona                   Hex            #......      99%         1    ##.....
 Magic Dart               Conj           #...         99%         1    ##.....
 Sandblast                Erth           #.....       99%         1    ##.....
 Shock                    Conj/Air       #...         99%         1    ##.....
 Ensorcelled Hibernation  Hex/Ice        #.....       100%        2    ###....
 Passwall                 Tmut/Erth      #.......     100%        2    ###....
 Searing Ray              Conj           #.....       100%        2    ###....
 Sticks to Snakes         Tmut           #.......     100%        2    ###....
 Swiftness                Chrm/Air       #.......     100%        2    ###....
 Confuse                  Hex            #.......     100%        3    ####...
 Dazzling Spray           Conj/Hex       #.....       100%        3    ####...
 Spider Form              Tmut/Pois      #.........   100%        3    ####...
 Static Discharge         Conj/Air       #.......     100%        3    ####...
 Stone Arrow              Conj/Erth      #.....       100%        3    ####...
 Tukima's Dance           Hex            #.......     100%        3    ####...
 Airstrike                Air            #.........   100%        4    #####..
 Force Lance              Conj/Tloc      #.......     100%        4    #####..
 Fulminant Prism          Conj/Hex       #.........   100%        4    #####..
 Ice Form                 Ice/Tmut       #.......     100%        4    #####..
 Iskenderun's Mystic Bla  Conj           #.......     100%        4    #####..
 Petrify                  Tmut/Erth      #.......     100%        4    #####..
 Blade Hands              Tmut           #.........   100%        5    ######.
 Lee's Rapid Deconstruct  Erth           #.........   100%        5    ######.
 Lightning Bolt           Conj/Air       #.........   100%        5    ######.


Dungeon Overview and Level Annotations

Branches:
Dungeon (10/15)            Temple (0/1) D:5
   Lair: D:8-11         Orc: D:9-12

Altars:
Ashenzari
Dithmenos
Gozag
Kikubaaqudgha
Nemelex Xobeh
Vehumet
Wu Jian
The Shining One

Shops:
D:6 %

Annotations:
D:8 exclusion: ice statue
D:9 2 runed translucent doors, Malificent's ghost, novice DEWz


Innate Abilities, Weirdness & Mutations

You reflexively headbutt those who attack you in melee.
You have a pair of horns on your head.


Message History

Your headbutt misses the troll.
The troll is moderately wounded.
The troll claws you but does no damage. The troll claws you.
You slash the troll! Your headbutt misses the troll.
The troll is severely wounded.
Two slime creatures merge to form a large slime creature.
The troll bites you!
The troll claws you but does no damage. x2
The large slime creature hits you!!
You are too injured to fight recklessly!
You are too injured to fight recklessly!
You slash the troll! Your headbutt misses the troll.
The troll is almost dead.
The troll bites you but does no damage. The troll claws you but does no damage.
The troll claws you. The large slime creature hits you!!
* * * LOW HITPOINT WARNING * * *
The troll closely misses you.
The troll claws you but does no damage. x2
You barely miss the troll.
The troll is almost dead.
The large slime creature hits you!!
You die...

########.####
#.# #.
..........>.#
#.###.
######.###.#
#..... #.#
#.# #.###.
##.###.# #.#
#. #...##.#
#.# ##
#...##.# #.#
# #...##.##
#.# #
#.@.....#
#.####
#JT###..#
#..... ....#
.# #####.
...>.## #
#######.
##.#..
........
#.##.
######## # #.
# #. # #


You could see a large slime creature and a troll.

Vanquished Creatures
  A two-headed ogre (D:10)
  Pikel (D:9)
  A centaur zombie (D:10)
  A slime creature (D:10)
  Sigmund (D:6)
  3 yaks (D:9)
  A wyvern (D:10)
  A hungry ghost (D:9)
  Edmund (D:5)
  A water moccasin (D:7)
  An ice beast (D:5)
  A phantom (D:6)
  6 ogres
  2 sky beasts
  4 centaurs
  8 bullfrogs
  A gnoll sergeant (D:9)
  A scorpion (D:9)
  3 wights (D:6)
  3 howler monkeys (D:10)
  5 jellies
  3 bullfrog zombies
  8 crimson imps
  3 hounds
  An orc priest (D:2)
  2 centaur skeletons
  Terence (D:3)
  2 iguanas
  2 orc wizards (D:6)
  7 worker ants
  A killer bee zombie (D:10)
  A hound zombie (D:7)
  2 hound skeletons
  A howler monkey zombie (D:7)
  8 gnolls
  11 adders
  A shadow imp (D:5)
  An ooze (D:6)
  An adder skeleton (D:5)
  3 worms
  2 dart slugs (D:3)
  6 leopard geckos
  23 orcs
  2 ball pythons
  4 giant cockroaches
  20 goblins
  18 hobgoblins
  21 jackals
  8 quokkas
  7 bats
  4 frilled lizards
  A jackal skeleton (D:7)
  A jackal zombie (D:7)
  11 kobolds
  A quokka skeleton (D:6)
  12 rats
247 creatures vanquished.

Vanquished Creatures (others)
  A scorpion (D:9)
1 creature vanquished.

Grand Total: 248 creatures vanquished

Notes
Turn   | Place    | Note
-------+----------+-------------------------------------------
     0 | D:1      | wyoknott the Minotaur Fighter began the quest for the Orb.
     0 | D:1      | Reached XP level 1. HP: 19/19 MP: 0/0
   200 | D:1      | Found a glowing golden altar of the Shining One.
   313 | D:1      | Reached XP level 2. HP: 27/27 MP: 1/1
   533 | D:1      | Became a worshipper of the Shining One
   680 | D:2      | Reached XP level 3. HP: 31/33 MP: 2/2
  1303 | D:3      | Reached * piety under the Shining One
  1309 | D:2      | Reached XP level 4. HP: 41/41 MP: 3/3
  1338 | D:3      | Noticed Terence
  1351 | D:3      | Killed Terence
  1371 | D:3      | Reached XP level 5. HP: 42/47 MP: 4/4
  1438 | D:3      | Found a shadowy altar of Dithmenos.
  2113 | D:4      | Noticed an ogre
  2119 | D:4      | Killed an ogre
  2119 | D:4      | Reached skill level 5 in Fighting
  2119 | D:4      | Reached skill level 5 in Armour
  2119 | D:4      | Reached skill level 5 in Shields
  2123 | D:4      | Found an ancient bone altar of Kikubaaqudgha.
  2132 | D:4      | Reached XP level 6. HP: 56/56 MP: 5/5
  2706 | D:5      | Entered Level 5 of the Dungeon
  2709 | D:5      | Noticed an ice beast
  2727 | D:5      | Killed an ice beast
  2727 | D:5      | Reached skill level 5 in Polearms
  2727 | D:5      | Reached XP level 7. HP: 47/62 MP: 6/6
  2858 | D:5      | Found a faded altar of an unknown god.
  2874 | D:5      | Noticed Edmund
  2887 | D:5      | Killed Edmund
  2952 | D:5      | Reached ** piety under the Shining One
  3044 | D:5      | Found a staircase to the Ecumenical Temple.
  3221 | D:5      | Reached XP level 8. HP: 71/71 MP: 7/7
  3487 | D:6      | Noticed Sigmund
  3501 | D:6      | Killed Sigmund
  3638 | D:6      | Found Nohaehe's Food Boutique.
  3945 | D:6      | Got a smoking great sword
  3949 | D:6      | Identified the +2 great sword of Defiance {holy, rF+} (You
                  | found it on level 6 of the Dungeon)
  4034 | D:6      | Reached XP level 9. HP: 80/81 MP: 8/8
  4199 | D:6      | Found an opulent altar of Gozag.
  4952 | D:7      | Found an ornate altar of the Wu Jian Council.
  5253 | D:7      | Reached *** piety under the Shining One
  5500 | D:8      | Noticed an ice devil
  5501 | D:8      | Noticed an ice devil
  5501 | D:8      | Noticed an ice devil
  5508 | D:8      | Noticed an ice devil
  5605 | D:8      | Found a radiant altar of Vehumet.
  5698 | D:8      | Found a sparkling altar of Nemelex Xobeh.
  5737 | D:8      | Noticed an ice devil
  5940 | D:8      | Noticed an ice devil
  5941 | D:8      | Noticed an ice statue
  6451 | D:9      | Reached skill level 1 in Invocations
  6558 | D:9      | Reached **** piety under the Shining One
  6574 | D:9      | Noticed Pikel
  6581 | D:9      | Killed Pikel
  6581 | D:9      | Reached XP level 10. HP: 85/91 MP: 10/10
  6718 | D:9      | Found a large runed translucent door.
  6718 | D:9      | Found a large runed translucent door.
  6771 | D:9      | Found a shattered altar of Ashenzari.
  6919 | D:9      | Noticed Malificent's ghost (novice DEWz)
  6956 | D:10     | Entered Level 10 of the Dungeon
  6957 | D:10     | Noticed a two-headed ogre
  6965 | D:10     | Killed a two-headed ogre
  7686 | D:10     | Reached skill level 10 in Fighting
  7686 | D:10     | Reached skill level 10 in Armour
  7690 | D:10     | Slain by a large slime creature

Skill      XL: |  1  2  3  4  5  6  7  8  9 10 |
---------------+-------------------------------+-----
Fighting       | 4 5 6 8 9 10 | 10.0
Armour         | 4 5 6 7 9 10 | 10.0
Shields        | 4 5 6 7 9 |  9.9
Polearms       | 3 4 5 6 7 9 |  9.5
Invocations    | 2 4 |  4.8

Action                   |  1- 3 |  4- 6 |  7- 9 | 10-12 || total
-------------------------+-------+-------+-------+-------++-------
Melee: Trident           |   108 |   132 |    41 |       ||   281
       Headbutt          |    18 |    14 |    43 |    15 ||    90
       Dire flail        |       |       |    86 |       ||    86
       Great sword       |       |       |   119 |    60 ||   179
  Use: Scroll            |     9 |       |     5 |     2 ||    16
  Eat: Chunk             |     1 |     5 |     4 |     1 ||    11
       Ration            |       |       |     3 |     1 ||     4
Armor: Scale mail        |    24 |       |       |       ||    24
       Plate armour      |     8 |    53 |   190 |    74 ||   325
Dodge: Dodged            |    20 |    12 |    86 |    34 ||   152
Block: Shield            |    47 |    49 |    11 |       ||   107
       Rpst.: Great sword |       |       |    18 |    10 ||    28
